 Dungeon Crawl Stone Soup version 0.30-a0-279-g4b46babb21 (webtiles) character file.

Game seed: 14827112049416674028

4123 BlueGoblin the Thaumaturge (level 10, -9/71 HPs)
             Began as a Demonspawn Fire Elementalist on Oct 16, 2022.
             Was a Follower of Sif Muna.
             Mangled by a two-headed ogre
             ... wielding a +0 halberd
              (11 damage)
             ... in a bailey.
             The game lasted 00:31:03 (12111 turns).

BlueGoblin the Thaumaturge (DsFE)                  Turns: 12111, Time: 00:31:04

Health: -9/71      AC:  7    Str:  8    XL:     10   Next: 6%
Magic:  2/23       EV: 13    Int: 22    God:    Sif Muna [*.....]
Gold:   386        SH:  0    Dex: 13    Spells: 16/27 levels left

rFire   + . .      SeeInvis .    E - +4 dagger (drain)
rCold   + . .      Faith    .    (no shield)
rNeg    . . .      Spirit   .    r - +2 robe
rPois   .          Reflect  .    j - +1 hat
rElec   .          Harm     .    w - scarf {rC+ rF+}
rCorr   .          Rampage  .    (no gloves)
Will    .....                    (no boots)
Stlth   ++........               (no amulet)
HPRegen 0.31/turn                (no ring)
MPRegen 0.18/turn                (no ring)

@: no status effects
A: horns 1, rugged brown scales 2, condensation shield
a: Renounce Religion, Channel Magic


You were in a bailey.
You worshipped Sif Muna.
Sif Muna was aware of your devotion.
You visited 2 branches of the dungeon, and saw 9 of its levels.
You also visited: Bailey.

You collected 386 gold pieces.

Inventory:

Hand Weapons
 d - a +0 dagger
 g - a +3 whip
 E - a +4 dagger of draining (weapon)
Armour
 j - a +1 hat (worn)
 r - a +2 robe (worn)
 w - a scarf of resistance (worn)
 z - a +4 scale mail
Magical Staves
 C - a staff of death
Jewellery
 a - a ring of ice
Wands
 b - a wand of flame (7)
 n - a wand of polymorph (8)
 u - a wand of light (8)
 F - a wand of iceblast (12)
 I - a wand of digging (4)
Scrolls
 c - 2 scrolls of magic mapping
 f - 3 scrolls of identify
 h - 4 scrolls of teleportation
 o - a scroll of brand weapon
 p - a scroll of amnesia
 s - 3 scrolls of poison
 t - 2 scrolls of vulnerability
 y - a scroll of enchant armour {unknown}
Potions
 e - 2 potions of magic
 i - 3 potions of might
 k - a potion of flight
 l - a potion of resistance {unknown}
 m - 3 potions of brilliance
 q - a potion of cancellation {unknown}
 v - a potion of heal wounds {unknown}
 x - 2 potions of mutation {unknown}
 A - a potion of invisibility {unknown}
 B - a potion of attraction {unknown}
 D - 2 potions of haste


   Skills:
 + Level 2.7 Fighting
 + Level 4.4 Dodging
 - Level 1.7 Stealth
 + Level 9.3 Spellcasting
 - Level 1.0 Conjurations
 * Level 9.2 Hexes
 - Level 2.6 Fire Magic


You had 16 spell levels left.
You knew the following spells:

 Your Spells              Type           Power      Damage    Failure   Level
a - Inner Flame           Hex/Fire       36%        N/A       1%          3
q - Foxfire               Conj/Fire      72%        2x1d7     3%          1
s - Anguish               Hex/Necr       15%        N/A       10%         4
z - Summon Guardian Gole  Hex/Summ       30%        N/A       3%          3

Your spell library contained the following spells:

 Spells                   Type           Power      Damage    Failure   Level
 Ensorcelled Hibernation  Hex/Ice        60%        N/A       1%          2
 Scorch                   Fire           44%        2d7       3%          2
 Portal Projectile        Hex/Tloc       60%        N/A       3%          3
 Leda's Liquefaction      Hex/Erth       15%        N/A       10%         4
 Kindle Blastsparks       Fire/Tloc/Air  28%        2d12      14%         3
 Call Canine Familiar     Summ           10%        N/A       19%         3
 Spider Form              Tmut/Pois      10%        N/A       19%         3
 Flame Wave               Conj/Fire      18%        2d7       30%         4
 Airstrike                Air            5%         2d(1-17)  54%         4
 Summon Lightning Spire   Summ/Air       10%        N/A       54%         4
 Lightning Bolt           Conj/Air       6%         1d18      82%         5
 Malign Gateway           Summ/Tloc      5%         N/A       100%        7
 Orb of Destruction       Conj           7%         9d6       100%        7
 Spellforged Servitor     Conj/Summ      6%         N/A       100%        7
 Summon Horrible Things   Summ           5%         N/A       100%        8


Dungeon Overview and Level Annotations

Branches:
Dungeon (8/15)             Temple (1/1) D:4          Bailey (1/1)
   Lair: D:8-11

Altars:
Ashenzari
Cheibriados
Dithmenos
Fedhas
Gozag
Kikubaaqudgha
Nemelex Xobeh
Okawaru
Qazlal
Ru
Sif Muna
Trog
Uskayaw
Vehumet
Wu Jian
Xom


Innate Abilities, Weirdness & Mutations

You have a pair of small horns on your head.
You are mostly covered in rugged brown scales. (AC +2, +5% HP)
A meltable shield of frost defends you. (SH +0)


Message History

Unknown command.
You are too injured to fight recklessly!
You are too injured to fight recklessly!
Unknown command.
You hit the ogre.
The ogre is almost dead.
The ogre is no longer haunted by guilt.
The ogre hits you with a +0 glaive!
The ogre is wracked by anguish!
The ogre barely misses you.
A two-headed ogre comes into view. It is wielding two +0 halberds.
You hit the ogre.
You kill the ogre!
Sif Muna accepts your kill. The ogre barely misses you.
You barely miss the ogre.
The ogre is heavily wounded.
You barely miss the ogre.
You headbutt the ogre, but do no damage.
The ogre is heavily wounded.
The ogre closely misses you.
You hit the ogre.
The ogre is severely wounded.
The ogre is no longer haunted by guilt.
The ogre barely misses you.
You hit the ogre. You drain the ogre.
The ogre is severely wounded.
You hit the ogre.
You headbutt the ogre, but do no damage.
The ogre is almost dead.
The ogre closely misses you. The two-headed ogre barely misses you.
The two-headed ogre hits you from afar with a +0 halberd!
* * * LOW HITPOINT WARNING * * *
You feel better. The ogre misses you.
Okay, then.
Unknown command.
As you read the scroll of fear, it crumbles to dust.
You assume a fearsome visage.
The two-headed ogre easily resists.
The ogre looks frightened!
The two-headed ogre hits you from afar with a +0 halberd!!
* * * LOW HITPOINT WARNING * * *
The two-headed ogre hits you from afar with a +0 halberd!
You die...

#######
###.....###
##.........##
##...........##
#....∩..)∩....#
##....O@.....##
##.....)...##
###~~O~~###
#~)~~~# #~~~~~#
#......)#
#.....)..)#
#..#####.#).#
#..# §♣#O.#


You could see a two-headed ogre and an ogre (fleeing, drained).

Vanquished Creatures
  Grinder (D:4)
  2 yaks (D:8)
  A steam dragon (Bailey)
  A water moccasin (D:7)
  A sky beast (D:6)
  6 ogres
  3 phantoms
  Blork the orc (D:5)
  A kobold brigand (D:8)
  A bullfrog (D:5)
  5 scorpions
  4 orc priests
  4 hounds
  Jessica (D:3)
  3 iguanas
  Terence (D:3)
  An orc wizard (D:5)
  Robin (D:3)
  8 adders
  3 shadow imps
  2 white imps
  An ufetubus (D:5)
  A worm (D:4)
  A dart slug (D:4)
  20 orcs
  8 ball pythons
  3 endoplasms
  2 giant cockroaches
  20 goblins
  8 hobgoblins
  8 jackals
  13 kobolds
  4 quokkas
  9 bats
  3 frilled lizards
  6 rats
158 creatures vanquished.

Vanquished Creatures (others)
  A wraith (D:8)
  2 spriggans (Bailey)
  2 yaks (D:8)
  A steam dragon (D:6)
  A sky beast (D:6)
  3 ogres (Bailey)
  A centaur (D:7)
  A scorpion (D:6)
  A necrophage (D:7)
  2 orc wizards (D:7)
  An orc (D:7)
  611 foxfires
627 creatures vanquished.

Grand Total: 785 creatures vanquished

Notes
Turn   | Place    | Note
-------+----------+-------------------------------------------
     0 | D:1      | BlueGoblin the Demonspawn Fire Elementalist began the quest
                  | for the Orb.
     0 | D:1      | Reached XP level 1. HP: 13/13 MP: 3/3
   142 | D:1      | Reached skill level 1 in Hexes
   145 | D:1      | Gained mutation: You have a pair of small horns on your
                  | head. [demonic ancestry]
   145 | D:1      | Reached XP level 2. HP: 17/19 MP: 0/5
   476 | D:1      | Reached XP level 3. HP: 20/24 MP: 1/6
   697 | D:1      | Found a faded altar of an unknown god.
   933 | D:1      | Learned a level 3 spell: Inner Flame
  1356 | D:2      | Found an ancient bone altar of Kikubaaqudgha.
  2119 | D:3      | Noticed Jessica
  2127 | D:3      | Killed Jessica
  2128 | D:3      | Gained mutation: You are partially covered in rugged brown
                  | scales. (AC +1, +3% HP) [demonic ancestry]
  2128 | D:3      | Reached XP level 4. HP: 25/31 MP: 2/8
  2302 | D:3      | Reached skill level 1 in Fighting
  2302 | D:3      | Reached XP level 5. HP: 14/38 MP: 0/10
  2742 | D:3      | Noticed Robin
  2796 | D:3      | Killed Robin
  3306 | D:3      | Noticed Terence
  3432 | D:3      | Killed Terence
  4146 | D:4      | Found a staircase to the Ecumenical Temple.
  4173 | Temple   | Entered the Ecumenical Temple
  4359 | Temple   | Became a worshipper of Sif Muna the Loreminder
  4426 | D:4      | Reached XP level 6. HP: 44/44 MP: 8/12
  4973 | D:4      | Noticed Grinder
  4979 | D:4      | Killed Grinder
  4980 | D:4      | Reached skill level 5 in Spellcasting
  4980 | D:4      | Gained mutation: A meltable shield of frost defends you.
                  | (SH +0) [demonic ancestry]
  4980 | D:4      | Reached XP level 7. HP: 44/50 MP: 7/14
  5075 | D:4      | Found a shimmering altar of Xom.
  5672 | D:4      | Learned a level 2 spell: Ensorcelled Hibernation
  5676 | D:4      | Learned a level 3 spell: Summon Guardian Golem
  5681 | D:4      | Learned a level 4 spell: Anguish
  5715 | D:5      | Entered Level 5 of the Dungeon
  6164 | D:5      | Found a hide-covered altar of Uskayaw.
  6165 | D:5      | Found a shadowy altar of Dithmenos.
  6883 | D:5      | Found an ornate altar of the Wu Jian Council.
  6926 | D:5      | Noticed Blork the orc
  6936 | D:5      | Killed Blork the orc
  7061 | D:5      | Found a sacrificial altar of Ru.
  7335 | D:5      | Gained mutation: You are mostly covered in rugged brown
                  | scales. (AC +2, +5% HP) [demonic ancestry]
  7335 | D:5      | Reached XP level 8. HP: 39/59 MP: 6/17
  7568 | D:5      | Reached * piety under Sif Muna
  7569 | D:5      | Reached skill level 5 in Hexes
  9527 | D:6      | Reached XP level 9. HP: 59/65 MP: 15/20
 11917 | D:8      | Found a flagged portal.
 11930 | Bailey   | Entered a bailey
 12098 | Bailey   | Reached XP level 10. HP: 55/71 MP: 1/23
 12103 | Bailey   | Noticed a two-headed ogre
 12111 | Bailey   | HP: 2/71 [two-headed ogre/+0 halberd (22)]
 12111 | Bailey   | Mangled by a two-headed ogre

Illustrated notes

Levels and vault maps discovered:
D:1:      grunt_arrival_crossed_arrows, layout_rooms,
          hellmonk_ecumenical_altar_dog_temple
D:2:      layout_basic, basic_altar
D:3:      layout_loops_ring, kennysheep_big_empty_room,
          minmay_misc_feat_pillars, uniq_robin, uniq_terence, uniq_jessica
D:4:      layout_loops_corners, mainiacjoe_overflow_catwalk, temple_pool_b,
          kennysheep_small_square, uniq_grinder
D:5:      minmay_chambers_of_threes, layout_gridville,
          mainiacjoe_overflow_small_starburst, mainiacjoe_overflow_brackets,
          nicolae_overflow_squiral, uniq_blork_the_orc
D:6:      layout_basic
D:7:      layout_loops_ring, nicolae_elyvilon_peaceful_grove, minmay_hedge_maze
D:8:      layout_basic, enter_bailey_2, minmay_radiant
Temple:   hellmonk_temple_forest_ring
Bailey:   bailey_polearm_enchanted_keep_hellmonk, bailey

Skill      XL: |  1  2  3  4  5  6  7  8  9 |
---------------+----------------------------+-----
Hexes          | 1 2 3 4 6 9 |  9.2
Dodging        | 2 3 4 |  4.4
Spellcasting   | 3 4 5 6 7 9 |  9.3
Fighting       | 1 2 |  2.7
Stealth        | |  1.7
Conjurations   | |  1.0
Fire Magic     | |  2.6

Action                   |  1- 3 |  4- 6 |  7- 9 | 10-12 || total
-------------------------+-------+-------+-------+-------++-------
Melee: Dagger            |    38 |       |    39 |    10 ||    87
       Headbutt          |     9 |     9 |    10 |     3 ||    31
       Whip              |    10 |    51 |    23 |       ||    84
       Punch             |       |       |     1 |       ||     1
 Cast: Foxfire           |    85 |   151 |   123 |     1 ||   360
       Inner Flame       |       |     2 |    51 |       ||    53
       Summon Guardian G |       |       |    32 |       ||    32
       Ensorcelled Hiber |       |       |     3 |       ||     3
       Anguish           |       |       |    27 |       ||    27
  Use: Potion            |       |     5 |     2 |     1 ||     8
       Scroll            |       |       |    12 |     1 ||    13
 Stab: Sleeping          |     1 |       |       |       ||     1
Armor: Robe              |    17 |    25 |    44 |       ||    86
Dodge: Dodged            |    58 |    88 |    94 |     8 ||   248
Block: Other             |       |       |    28 |       ||    28

Table legend: (Time is in decaauts)
 A = Elapsed time spent in this place.
 B = Non-inter-level travel time spent in this place.
 C = Inter-level travel time spent in this place.
 D = Time resting spent in this place.
 E = Time spent auto-exploring this place.
 F = Levels seen in this place.
 G = Mean time per level.
                   A        B        C        D        E       F      G
               +--------+--------+--------+--------+--------+-----+--------+
         Total |  12085 |  11185 |    900 |   1525 |   7619 |  10 | 1208.5 |
       Dungeon |  11699 |  10833 |    866 |   1396 |   7460 |   8 | 1462.4 |
        Temple |    201 |    167 |     34 |      0 |    156 |   1 |  201.0 |
        Bailey |    183 |    183 |      0 |    129 |      3 |   1 |  183.0 |
               +--------+--------+--------+--------+--------+-----+--------+

Top non-repeatable levels by time:
     D:6: 1979 daAuts
     D:5: 1964 daAuts
     D:3: 1810 daAuts
     D:4: 1807 daAuts
     D:7: 1459 daAuts
     D:2: 1204 daAuts
     D:1: 971 daAuts
     D:8: 501 daAuts
  Temple: 201 daAuts
  Bailey: 183 daAuts
